 Dungeon Crawl Stone Soup version 0.29.0-15-g675c0067aa (webtiles) character file.

Game seed: 17861957208930244636

327 qw the Chopper (level 6, -2/38 HPs)
             Began as a Gargoyle Fighter on Sept 12, 2022.
             Slain by a gnoll
             ... wielding a +0 spear
              (7 damage)
             ... on level 4 of the Dungeon.
             The game lasted 00:01:17 (3704 turns).

qw the Chopper (Gargoyle Fighter)                   Turns: 3704, Time: 00:01:18

Health: -2/38      AC: 14    Str: 21    XL:     6   Next: 50%
Magic:  6/6        EV:  9    Int:  9    God:
Gold:   206        SH:  4    Dex:  9    Spells: 5/5 levels left

rFire   . . .      SeeInvis .   Y - +0 war axe
rCold   . . .      Faith    .   c - +0 buckler
rNeg    + . .      Spirit   .   b - +0 scale mail
rPois   inf        Reflect  .   m - +1 helmet
rElec   +          Harm     .   (no cloak)
rCorr   .          Rampage  .   (no gloves)
Will    +....                   r - +0 pair of boots
Stlth   ..........              i - amulet of the acrobat
HPRegen 0.12/turn               j - ring of willpower
MPRegen 0.10/turn               (no ring)

@: no status effects
A: sickness immunity, AC +4, negative energy resistance 1, electricity
resistance, torment resistance 1, petrification resistance
a: no special abilities


You were on level 4 of the Dungeon.
You visited 1 branch of the dungeon, and saw 4 of its levels.

You collected 206 gold pieces.


Innate Abilities, Weirdness & Mutations

You are immune to sickness and miasma.
Your stone body is resilient. (AC +4)
You are immune to poison.
You resist negative energy. (rN+)
You are resistant to electric shocks. (rElec)
You are resistant to unholy torment.
You are immune to petrification.


   Skills:
 - Level 4.3 Fighting
 + Level 5.4 Axes
 - Level 3.2 Armour
 - Level 1.0 Dodging
 - Level 3.2 Shields


You had 5 spell levels left.
You didn't know any spells.
Your spell library was empty.

Inventory:

Hand Weapons
 o - a +0 flail
 Y - a +0 war axe (weapon)
Missiles
 k - 6 boomerangs (quivered)
Armour
 b - a +0 scale mail (worn)
 c - a +0 buckler (worn)
 m - a +1 helmet (worn)
 r - a +0 pair of boots (worn)
Jewellery
 a - an amulet of faith
 i - an amulet of the acrobat (around neck)
 j - a ring of willpower (left hand)
Scrolls
 s - a scroll of identify
Potions
 d - a potion of might
 e - a potion of berserk rage {unknown}
 f - a potion of curing {unknown}
 g - a potion of haste {unknown}
 h - a potion of heal wounds {unknown}
 p - a potion of attraction

Dungeon Overview and Level Annotations

Branches:
Dungeon (4/15)
 Temple: D:4-7

Altars:
Ashenzari
Sif Muna
Uskayaw

Shops:
D:1 (


Message History

The gnoll hits you with a +0 spear.
There is an open door here.
You closely miss the gnoll. You barely miss the gnoll. You hit the gnoll.
The gnoll hits you with a +0 halberd. The gnoll hits you with a +0 club.
The gnoll hits you from afar with a +0 spear.
The gnoll hits you but does no damage.
You barely miss the gnoll.
The gnoll is heavily wounded.
You barely miss the gnoll. You closely miss the gnoll.
The gnoll barely misses you. The gnoll hits you with a +0 club.
The gnoll hits you from afar with a +0 spear.
The gnoll hits you with a +0 spear.
You slash the gnoll!
You kill the gnoll!
You barely miss the gnoll. You hit the gnoll.
The gnoll hits you with a +0 halberd. You block the gnoll's attack.
The gnoll hits you but does no damage.
You barely miss the gnoll.
The gnoll is moderately wounded.
You slash the gnoll! The gnoll hits you but does no damage.
The gnoll hits you from afar with a +0 spear.
The gnoll hits you but does no damage. The gnoll closely misses you.
You block the gnoll's attack. The gnoll barely misses you.
You hit the gnoll.
You kill the gnoll!
You closely miss the gnoll. The gnoll hits you with a +0 halberd.
The gnoll hits you from afar with a +0 spear.
You barely miss the gnoll.
The gnoll is moderately wounded.
You block the gnoll's attack. The gnoll closely misses you.
You hit the gnoll but do no damage.
The gnoll is moderately wounded.
The gnoll hits you but does no damage. The gnoll closely misses you.
You hit the gnoll.
The gnoll is severely wounded.
The gnoll closely misses you.
The gnoll hits you from afar with a +0 spear!
You die...

######## #......#
#......
#....g######
#..)g)##...##
####@###....+
#...........#
+.....##...##
#.....##...#
#.....##...#######
+......#...#.....#
#.....##.<.#.....#
#.....##'###.....#
########...#.....#


You could see 2 gnolls.

Vanquished Creatures
  A necrophage (D:3)
  A gnoll bouda (D:3)
  3 orc wizards (D:3)
  5 gnolls
  4 adders
  2 worms
  A dart slug (D:3)
  5 orcs (D:3)
  5 ball pythons
  4 endoplasms (D:1)
  3 giant cockroaches (D:1)
  9 goblins
  A hobgoblin (D:3)
  3 jackals (D:3)
  A quokka (D:2)
  5 bats
  8 frilled lizards
  6 kobolds
  10 rats
77 creatures vanquished.

Vanquished Creatures (others)
  4 fungi (D:1)
  10 plants
  A withered plant (D:1)
15 creatures vanquished.

Grand Total: 92 creatures vanquished

Notes
Turn   | Place    | Note
-------+----------+-------------------------------------------
     0 | D:1      | qw the Gargoyle Fighter began the quest for the Orb.
     0 | D:1      | Reached XP level 1. HP: 14/14 MP: 1/1
     0 | D:1      | 0 ||| qw: Version: 0.1-a-119-g272c26d
     0 | D:1      | 0 ||| qw: Game counter: 10946
     0 | D:1      | 0 ||| qw: Always use a shield: true
     0 | D:1      | 0 ||| qw: God list: Okawaru
     0 | D:1      | 0 ||| qw: Allow faded altars: false
     0 | D:1      | 0 ||| qw: Do Orc after D:15 true
     0 | D:1      | 0 ||| qw: Do second Lair branch before Depths: true
     0 | D:1      | 0 ||| qw: Lair rune preference: random
     0 | D:1      | 0 ||| qw: Plans: Normal, Zot, God:TSO, Crypt, Tomb, Pan,
                  | Slime, Hells, Zig, Abyss, Orb
     0 | D:1      | 0 ||| PLANNING D:1-11
    47 | D:1      | Reached skill level 2 in Axes
   161 | D:1      | Found Cynoaz's Antique Weapon Boutique.
   168 | D:1      | Reached XP level 2. HP: 19/19 MP: 2/2
   171 | D:1      | 171 ||| SHOPLISTING blackened mace (224 gold, have 17).
   171 | D:1      | 171 ||| SHOPLISTING runed war axe (182 gold, have 17).
   311 | D:1      | Found a faded altar of an unknown god.
   530 | D:1      | 530 ||| DROPPING +0 club.
   798 | D:1      | Reached skill level 3 in Axes
  1165 | D:1      | 1165 ||| UPGRADING to amulet of the acrobat.
  1170 | D:1      | 1170 ||| UPGRADING to ring of willpower.
  1171 | D:1      | 1171 ||| DROPPING ring of wizardry.
  1244 | D:2      | Reached XP level 3. HP: 17/23 MP: 3/3
  1520 | D:2      | 1520 ||| Stepping ~*~*~tactically~*~*~ (stealth).
  1565 | D:2      | 1565 ||| Stepping ~*~*~tactically~*~*~ (stealth).
  1645 | D:2      | 1645 ||| Stepping ~*~*~tactically~*~*~ (stealth).
  1705 | D:2      | Found a shimmering blue altar of Sif Muna.
  1821 | D:2      | Reached XP level 4. HP: 24/28 MP: 4/4
  1892 | D:2      | 1892 ||| UPGRADING to +1 helmet.
  1897 | D:2      | 1897 ||| UPGRADING to +0 pair of boots.
  1902 | D:2      | 1902 ||| DROPPING ring of flight.
  1903 | D:2      | 1903 ||| READING 2 scrolls labelled XEZ CAUJAXOREO.
  1904 | D:2      | 1904 ||| READING scroll labelled SUAZACW YCKASK.
  1905 | D:2      | 1905 ||| READING 2 scrolls labelled CALIED ZUTOE.
  1906 | D:2      | 1906 ||| DRINKING 2 inky potions.
  1907 | D:2      | 1907 ||| DROPPING scroll of immolation.
  1981 | D:3      | 1981 ||| Stepping ~*~*~tactically~*~*~ (stealth).
  2000 | D:3      | 2000 ||| Stepping ~*~*~tactically~*~*~ (stealth).
  2152 | D:3      | Reached skill level 4 in Axes
  2167 | D:3      | HP: 7/28 [something (2)]
  2177 | D:3      | HP: 4/28 [orc wizard/+0 dagger (1)]
  2187 | D:3      | Reached XP level 5. HP: 4/32 MP: 5/5
  2679 | D:3      | Found a broken altar of Ashenzari.
  2736 | D:3      | 2736 ||| Stepping ~*~*~tactically~*~*~ (stealth).
  2786 | D:3      | Reached skill level 5 in Axes
  2854 | D:3      | 2854 ||| Stepping ~*~*~tactically~*~*~ (stealth).
  3027 | D:3      | 3027 ||| Stepping ~*~*~tactically~*~*~ (hiding).
  3034 | D:3      | Reached XP level 6. HP: 30/38 MP: 6/6
  3048 | D:3      | HP: 4/38 [gnoll/+0 flail[a gnoll bouda] (10)]
  3327 | D:3      | 3327 ||| DROPPING +0 whip.
  3426 | D:3      | 3426 ||| Stepping ~*~*~tactically~*~*~ (stealth).
  3456 | D:3      | Found a hide-covered altar of Uskayaw.
  3571 | D:3      | Reached skill level 1 in Dodging
  3607 | D:3      | 3607 ||| READING scroll labelled QEJAEN DUQEGI.
  3608 | D:3      | 3608 ||| READING scroll labelled VEGGOUSMATSU.
  3694 | D:4      | 3694 ||| Stepping ~*~*~tactically~*~*~ (hiding).
  3701 | D:4      | HP: 8/38 [gnoll/+0 halberd (3)]
  3704 | D:4      | Slain by a gnoll

Levels and vault maps discovered:
D:1:      mainiacjoe_arrival_reflecting_pool, layout_basic, serial_shops, shop,
          shapermc_ecumenical_altar_gd, serial_forest,
          infiniplex_forest_straight_3, infiniplex_forest_clump_C,
          infiniplex_forest_clump_long, infiniplex_forest_end_2,
          infiniplex_forest_lined_room_, infiniplex_forest_clump_long,
          infiniplex_forest_clump_small, chequers_jeans,
          wander_ebering_terrifying_dragon_lair
D:2:      layout_basic, basic_altar
D:3:      layout_basic, mainiacjoe_overflow_paths,
          nicolae_overflow_hidden_temple, st_stairs_2, nicolae_grassy_gnolls
D:4:      layout_gridville, uniq_robin

Skill      XL: |  1  2  3  4  5  6 |
---------------+-------------------+-----
Axes           | 2 3 4 5 |  5.4
Fighting       | 4 |  4.3
Dodging        | 1 |  1.0
Armour         | |  3.2
Shields        | |  3.2

Action                   |  1- 3 |  4- 6 || total
-------------------------+-------+-------++-------
Melee: War axe           |   127 |   140 ||   267
Throw: Boomerang         |    18 |    41 ||    59
  Use: Scroll            |       |     5 ||     5
       Potion            |       |     1 ||     1
Armor: Scale mail        |    73 |   109 ||   182
Dodge: Dodged            |    59 |    65 ||   124
Block: Buckler           |    24 |    23 ||    47

Table legend:
 A = Non-vault XP
 B = Vault XP
 C = Vault XP percentage of total XP
 D = Non-vault monster count
 E = Vault monster count
 F = Vault count percentage of total count
                 A         B        C        D         E       F
            +---------+---------+-------+---------+---------+-------
      Total |     383 |      85 |  18.2 |      71 |       6 |   7.8
            +---------+---------+-------+---------+---------+-------
        D:1 |      30 |       1 |   3.2 |      19 |       1 |   5.0
        D:2 |      51 |       0 |   0.0 |      16 |       0 |   0.0
        D:3 |     274 |      84 |  23.5 |      34 |       5 |  12.8
        D:4 |      28 |       0 |   0.0 |       2 |       0 |   0.0
            +---------+---------+-------+---------+---------+-------
